 Dungeon Crawl Stone Soup version 0.29.1-15-g9cfb28693d (webtiles) character file.

Game seed: 9423324766153400492

212 asdfasdf the Chopper (level 5, -4/47 HPs)
             Began as a Hill Orc Fighter on Apr 29, 2023.
             Slain by an iguana (11 damage)
             ... on level 4 of the Dungeon.
             The game lasted 00:04:40 (2659 turns).

asdfasdf the Chopper (Hill Orc Fighter)             Turns: 2659, Time: 00:04:41

Health: -4/47      AC:  7    Str: 21    XL:     5   Next: 89%
Magic:  5/5        EV:  9    Int:  8    God:
Gold:   220        SH:  4    Dex: 10    Spells: 4/4 levels left

rFire   . . .      SeeInvis .   a - +0 war axe
rCold   . . .      Faith    .   c - +0 buckler
rNeg    . . .      Spirit   .   b - +0 scale mail
rPois   .          Reflect  .   (no helmet)
rElec   .          Harm     .   (no cloak)
rCorr   .          Rampage  .   (no gloves)
Will    .....                   (no boots)
Stlth   ..........              (no amulet)
HPRegen 0.15/turn               (no ring)
MPRegen 0.09/turn               (no ring)

@: no status effects
A: no striking features
a: no special abilities


You were on level 4 of the Dungeon.
You visited 1 branch of the dungeon, and saw 4 of its levels.

You collected 220 gold pieces.

Inventory:

Hand Weapons
 a - a +0 war axe (weapon)
Armour
 b - a +0 scale mail (worn)
 c - a +0 buckler (worn)
Scrolls
 e - a scroll of vulnerability {unknown}
 h - 3 scrolls of identify {unknown}
 j - 2 scrolls of teleportation {unknown}
 n - 2 scrolls of immolation {unknown}
Potions
 d - 2 potions of might
 f - a potion of curing {unknown}
 g - a potion of berserk rage {unknown}
 i - 2 potions of invisibility {unknown}
 k - 2 potions of lignification {unknown}
 l - a potion of flight {unknown}
 m - a potion of resistance


   Skills:
 + Level 4.6 Fighting
 + Level 5.6 Axes
 + Level 4.2 Armour
 + Level 0.6 Dodging
 + Level 3.8 Shields


You had 4 spell levels left.
You didn't know any spells.
Your spell library contained the following spells:

 Spells                   Type           Power      Damage    Failure   Level
 Foxfire                  Conj/Fire      0%         2x1d4     83%         1
 Conjure Flame            Conj/Fire      0%         6-21      99%         3
 Inner Flame              Hex/Fire       0%         N/A       99%         3
 Flame Wave               Conj/Fire      0%         2d4       100%        4


Dungeon Overview and Level Annotations

Branches:
Dungeon (4/15)
 Temple: D:4-7

Altars:
Xom


Message History

Something hits you. Something shocks you.
There is an open door here.
You miss something. Something hits you. Something shocks you.
You closely miss something. You block something's attack.
You hit something. Something hits you but does no damage.
You barely miss something.
Something hits you but does no damage. x2
You closely miss something. Something hits you but does no damage.
You miss something. Something hits you but does no damage.
You hit something. Something hits you. Something shocks you.
Something hits you but does no damage.
You barely miss something. Something hits you. Something shocks you.
You miss something. Something hits you.
* * * LOW HITPOINT WARNING * * *
Something shocks you.
* * * LOW HITPOINT WARNING * * *
You barely miss something. Something hits you but does no damage.
You barely miss something. Something hits you but does no damage.
A sky beast appears from thin air!
Reactivating autopickup.
The sky beast hits you but does no damage.
You slash the sky beast!
The sky beast is almost dead.
The sky beast barely misses you.
You hit the sky beast.
You kill the sky beast!
Your life force feels restored.
There is an open door here.
You see here a sky beast corpse.
There is an open door here.
You see here a sky beast corpse.
Unknown command.
An iguana comes into view.
The iguana hisses angrily.
There is an open door here.
You barely miss the iguana. The iguana bites you.
* * * LOW HITPOINT WARNING * * *
You slash the iguana!
The iguana is heavily wounded.
The iguana bites you!
You die...

#..†...##
#..#..####
#..#.###.#
#..####..#.
#..# #...'.
#..##....#
##.#.....#
#.#....#
#.@l..#
#.#..##
#.#.##
#.### #.#
#.. #.. ###


You could see an iguana.

Vanquished Creatures
  A sky beast (D:4)
  4 adders
  4 dart slugs
  A worm (D:2)
  4 orcs (D:3)
  4 endoplasms
  3 giant cockroaches
  5 goblins
  5 hobgoblins
  7 quokkas
  8 ball pythons
  7 bats
  5 frilled lizards
  7 kobolds
  6 rats
71 creatures vanquished.

Notes
Turn   | Place    | Note
-------+----------+-------------------------------------------
     0 | D:1      | asdfasdf the Hill Orc Fighter began the quest for the Orb.
     0 | D:1      | Reached XP level 1. HP: 19/19 MP: 1/1
   227 | D:1      | Reached skill level 3 in Axes
   227 | D:1      | Reached XP level 2. HP: 27/27 MP: 2/2
   524 | D:1      | Reached XP level 3. HP: 28/33 MP: 3/3
   583 | D:1      | Found a faded altar of an unknown god.
   843 | D:2      | HP: 1/33 [frozen (3)]
  1170 | D:2      | Reached XP level 4. HP: 40/40 MP: 4/4
  1275 | D:2      | Reached skill level 4 in Axes
  2457 | D:3      | Found a shimmering altar of Xom.
  2465 | D:3      | Reached XP level 5. HP: 42/46 MP: 5/5
  2469 | D:3      | Reached skill level 5 in Axes
  2624 | D:4      | Noticed a sky beast
  2642 | D:4      | Killed a sky beast
  2659 | D:4      | Slain by an iguana

Illustrated notes

Levels and vault maps discovered:
D:1:      giann_wishing_wells, layout_basic,
          hellmonk_ecumenical_altar_prayer_group, minmay_hexomino_p4
D:2:      layout_rooms
D:3:      layout_loops_cross, lemuel_coloured_pillars_altar
D:4:      layout_loops_cross, marbit_many_paths, gammafunk_ghost_mausoleum,
          minmay_quadrilaterals

Skill      XL: |  1  2  3  4  5 |
---------------+----------------+-----
Axes           | 3 4 5 |  5.6
Fighting       | 4 |  4.6
Armour         | 4 |  4.2
Dodging        | |  0.6
Shields        | |  3.8

Action                   |  1- 3 |  4- 6 || total
-------------------------+-------+-------++-------
Melee: War axe           |    69 |   110 ||   179
Armor: Scale mail        |    45 |    74 ||   119
Dodge: Dodged            |    39 |    74 ||   113
Block: Buckler           |    14 |    37 ||    51
